 Dungeon Crawl Stone Soup version 0.30-a0-137-gd8773701ce (webtiles) character file.

Game seed: 147578694980057407

1047 KennySheep the Sneak (level 8, -6/70 HPs)
             Began as a Naga Venom Mage on Sept 21, 2022.
             Was a Follower of Dithmenos.
             Killed by nerve-wracking pain
             ... invoked by Grinder
              (14 damage)
             ... while paralysed by Grinder
             ... on level 5 of the Dungeon on Sept 22, 2022.
             The game lasted 00:30:39 (7622 turns).

KennySheep the Sneak (Naga Venom Mage)              Turns: 7622, Time: 00:30:39

Health: -6/70      AC:  7    Str: 10    XL:     8   Next: 25%
Magic:  1/11       EV:  1    Int: 19    God:    Dithmenos [*.....]
Gold:   249        SH:  0    Dex: 20    Spells: 2/11 levels left

rFire   . . .      SeeInvis +    d - +0 dagger
rCold   x . .      Faith    .    (no shield)
rNeg    . . .      Spirit   .    o - +0 leather armour of Fanaticism {rC- Dex+9}
rPois   +          Reflect  .    q - +0 helmet
rElec   .          Harm     .    j - +0 cloak
rCorr   .          Rampage  .    f - +0 pair of gloves
Will    +....                    (no barding)
Stlth   ++++......               (no amulet)
HPRegen 0.21/turn                (no ring)
MPRegen 0.12/turn                (no ring)

@: paralysed, very slightly contaminated, wreathed by umbra, very slow
A: AC +2, large, see invisible, deformed body, poison resistance, slowness 2,
spit poison 1, naga tail 1
a: Spit Poison, Renounce Religion


You were on level 5 of the Dungeon.
You worshipped Dithmenos.
Dithmenos was aware of your devotion.
You visited 1 branch of the dungeon, and saw 5 of its levels.

You collected 249 gold pieces.

Inventory:

Hand Weapons
 d - a +0 dagger (weapon)
Armour
 a - a +0 robe
 f - a +0 pair of gloves (worn)
 j - a +0 cloak (worn)
 o - the +0 leather armour of Fanaticism (worn) {rC- Dex+9}
   (You found it on level 4 of the Dungeon)

   Dex:       It affects your dexterity (+9).
   rC:        It makes you vulnerable to cold.
 q - a +0 helmet (worn)
Jewellery
 l - a ring of resist corrosion
Wands
 r - a wand of roots (7)
Scrolls
 e - 2 scrolls of poison
 h - 4 scrolls of identify
 i - a scroll of amnesia
 n - 3 scrolls of teleportation
 p - a scroll of acquirement {unknown}
Potions
 b - a potion of magic
 c - a potion of curing
 k - a potion of attraction {unknown}
 m - a potion of mutation {unknown}


   Skills:
 + Level 3.6 Fighting
 * Level 4.5 Short Blades
 + Level 2.6 Dodging
 + Level 7.0 Stealth
 - Level 2.4 Spellcasting
 - Level 2.0 Conjurations
 - Level 1.0 Transmutations
 - Level 2.4 Air Magic
 - Level 5.6 Poison Magic


You had 2 spell levels left.
You knew the following spells:

 Your Spells              Type           Power      Damage    Failure   Level
a - Sting                 Tmut/Pois      56%        1d5       5%          1
b - Poisonous Vapours     Pois/Air       34%        N/A       6%          2
c - Mephitic Cloud        Conj/Pois/Air  15%        N/A       17%         3
d - Dazzling Flash        Conj/Hex       12%        N/A       41%         3

Your spell library contained the following spells:

 Spells                   Type           Power      Damage    Failure   Level
 Shock                    Conj/Air       40%        1d5       9%          1
 Cigotuvi's Dreadful Rot  Necr/Pois/Air  24%        N/A       11%         2
 Summon Small Mammal      Summ           8%         N/A       22%         1
 Olgreb's Toxic Radiance  Pois           23%        N/A       22%         4
 Swiftness                Air            11%        N/A       24%         3
 Ignite Poison            Fire/Tmut/Pois 10%        N/A       26%         3
 Call Canine Familiar     Summ           2%         N/A       54%         3
 Gell's Gravitas          Tloc           2%         N/A       54%         3
 Lesser Beckoning         Tloc           2%         N/A       54%         3
 Summon Guardian Golem    Hex/Summ       2%         N/A       54%         3
 Teleport Other           Tloc           2%         N/A       54%         3
 Airstrike                Air            5%         2d(1-17)  63%         4
 Iskenderun's Mystic Bla  Conj/Tloc      6%         2d4       82%         4
 Sticky Flame             Conj/Fire      6%         2d3       82%         4
 Dispel Undead            Necr           2%         3d7       91%         4
 Death Channel            Necr           1%         N/A       100%        6
 Starburst                Conj/Fire      3%         6d3       100%        6


Dungeon Overview and Level Annotations

Branches:
Dungeon (5/15)             Temple (0/1) D:5

Altars:
Dithmenos
Gozag

Annotations:
D:5 Grinder


Innate Abilities, Weirdness & Mutations

Your serpentine skin is tough. (AC +2)
You have supernaturally acute eyesight. (SInv)
Armour fits poorly on your strangely shaped body.
Your system is resistant to poisons. (rPois)
You cover ground very slowly.
You can spit poison.
You have a snake-like lower body.


Message History

Grinder is lightly wounded.
You hit Grinder.
Grinder is lightly wounded.
Grinder hits you.
You writhe in agony.
* * * LOW HITPOINT WARNING * * *
You hit Grinder but do no damage.
Grinder is lightly wounded.
Grinder hits you but does no damage.
You barely miss Grinder.
Grinder is lightly wounded.
Grinder barely misses you.
Your magical contamination has completely faded away.
You closely miss Grinder.
Grinder is lightly wounded.
You hit Grinder but do no damage.
Grinder is lightly wounded.
Grinder completely misses you.
Casting: Dazzling Flash (dangerous; 41% risk of failure)
Confirm with . or Enter, or press ? or * to list all spells.
Casting: Dazzling Flash (dangerous; 41% risk of failure)
Press: ? - help, Dir - look around, f - activate You miscast Dazzling Flash.
You are very lightly contaminated with residual magic.
Nothing appears to happen.
Grinder barely misses you.
You hit Grinder but do no damage.
Grinder is lightly wounded.
Grinder hits you.
* * * LOW HITPOINT WARNING * * *
You barely miss Grinder.
Grinder is lightly wounded.
Grinder gestures at you.
You suddenly lose the ability to move!
Grinder hits you!
* * * LOW HITPOINT WARNING * * *
You writhe in agony.
* * * LOW HITPOINT WARNING * * *
Grinder hits you but does no damage. Grinder gestures at you.
Pain shoots through your body!
You die...

#.⌠.#
..##.#
#..#
#...# ..#
#...
##### #.#
#... ..
#### $..
####+####
#......#
#...†..#
#.5@...#
########


You could see Grinder.

Vanquished Creatures
  A black bear (D:5)
  2 phantoms (D:5)
  3 scorpions
  A howler monkey (D:4)
  3 hounds
  An orc priest (D:4)
  2 scorpion zombies (D:4)
  6 iguanas
  A howler monkey zombie (D:4)
  4 gnolls (D:5)
  7 adders
  A shadow imp (D:5)
  2 ufetubi
  2 adder zombies (D:4)
  3 worms
  4 dart slugs
  7 orcs
  5 ball pythons
  7 endoplasms
  3 giant cockroaches
  8 goblins
  13 hobgoblins
  2 jackals (D:2)
  4 quokkas
  7 bats
  4 frilled lizards
  9 kobolds
  A quokka zombie (D:4)
  7 rats
120 creatures vanquished.

Vanquished Creatures (others)
  5 withered plants (D:4)
5 creatures vanquished.

Grand Total: 125 creatures vanquished

Notes
Turn   | Place    | Note
-------+----------+-------------------------------------------
     0 | D:1      | KennySheep the Naga Venom Mage began the quest for the Orb.
     0 | D:1      | Reached XP level 1. HP: 15/15 MP: 3/3
   194 | D:1      | Reached XP level 2. HP: 13/22 MP: 0/5
   808 | D:1      | Learned a level 2 spell: Poisonous Vapours
  1424 | D:1      | Reached XP level 3. HP: 30/30 MP: 4/6
  2100 | D:2      | Reached skill level 1 in Air Magic
  2272 | D:2      | Reached skill level 1 in Fighting
  2329 | D:2      | Learned a level 3 spell: Mephitic Cloud
  2337 | D:2      | Reached XP level 4. HP: 31/38 MP: 3/7
  2536 | D:2      | Found a faded altar of an unknown god.
  2737 | D:2      | Reached skill level 4 in Stealth
  2737 | D:2      | Reached skill level 5 in Poison Magic
  3017 | D:2      | Reached skill level 1 in Conjurations
  3584 | D:3      | Found an opulent altar of Gozag.
  3932 | D:3      | Reached XP level 5. HP: 44/44 MP: 4/8
  3981 | D:3      | Found a shadowy altar of Dithmenos.
  3994 | D:3      | Became a worshipper of Dithmenos the Shadowed
  4801 | D:4      | Reached XP level 6. HP: 16/51 MP: 2/9
  4806 | D:4      | Identified the +0 leather armour of Fanaticism {rC- Dex+9}
  5292 | D:4      | Reached skill level 1 in Short Blades
  5414 | D:4      | Reached skill level 5 in Stealth
  5551 | D:4      | Identified the +2 chain mail of Guvue {Will+}
  5866 | D:4      | Reached XP level 7. HP: 29/61 MP: 7/10
  6228 | D:4      | Reached * piety under Dithmenos
  6498 | D:4      | Learned a level 3 spell: Dazzling Flash
  6803 | D:5      | Entered Level 5 of the Dungeon
  6810 | D:5      | Reached skill level 6 in Stealth
  7195 | D:5      | Found a staircase to the Ecumenical Temple.
  7329 | D:5      | Reached XP level 8. HP: 42/69 MP: 1/11
  7586 | D:5      | Reached skill level 7 in Stealth
  7597 | D:5      | Noticed Grinder
  7619 | D:5      | Paralysed by Grinder for 4 turns
  7622 | D:5      | Killed from afar by Grinder

Illustrated notes

Levels and vault maps discovered:
D:1:      arrival_zaba_pyramid, layout_basic
D:2:      layout_basic, shapermc_ecumenical_altar_notcrosses
D:3:      layout_basic, amcnicky_altar_gilded,
          mainiacjoe_overflow_surrounded_room, minmay_liquid_box,
          wad_floor_pattern_1
D:4:      layout_basic, serial_undead, serial_undead_e, serial_undead_b,
          serial_undead_a, serial_undead_e, minmay_ruptured
D:5:      minmay_clustersquares, layout_basic, minmay_temple_entry_junction,
          uniq_grinder

Skill      XL: |  1  2  3  4  5  6  7  8 |
---------------+-------------------------+-----
Air Magic      | 1 2 |  2.4
Fighting       | 1 2 3 |  3.6
Stealth        | 4 5 6 7 |  7.0
Poison Magic   | 5 |  5.6
Conjurations   | 1 2 |  2.0
Short Blades   | 2 4 |  4.5
Dodging        | 2 |  2.6
Spellcasting   | |  2.4
Transmutations | |  1.0

Action                   |  1- 3 |  4- 6 |  7- 9 || total
-------------------------+-------+-------+-------++-------
Melee: Dagger            |    77 |   261 |   154 ||   492
       Punch             |     1 |     3 |     2 ||     6
 Cast: Sting             |    34 |    64 |    34 ||   132
       Mephitic Cloud    |       |     4 |     2 ||     6
       Poisonous Vapours |       |       |     1 ||     1
  Use: Scroll            |       |     2 |     1 ||     3
       Potion            |       |     1 |     4 ||     5
 Stab: Sleeping          |     6 |     8 |     7 ||    21
       Confused          |       |     3 |     2 ||     5
       Distracted        |       |     1 |       ||     1
Armor: Robe              |    17 |    71 |       ||    88
       Leather armour    |       |    22 |    41 ||    63
Dodge: Dodged            |    37 |   146 |    72 ||   255

Table legend: (Time is in decaauts)
 A = Elapsed time spent in this place.
 B = Non-inter-level travel time spent in this place.
 C = Inter-level travel time spent in this place.
 D = Time resting spent in this place.
 E = Time spent auto-exploring this place.
 F = Levels seen in this place.
 G = Mean time per level.
                   A        B        C        D        E       F      G
               +--------+--------+--------+--------+--------+-----+--------+
         Total |   8967 |   8847 |    120 |   2151 |   5233 |   5 | 1793.4 |
       Dungeon |   8967 |   8847 |    120 |   2151 |   5233 |   5 | 1793.4 |
               +--------+--------+--------+--------+--------+-----+--------+

Top non-repeatable levels by time:
     D:4: 2416 daAuts
     D:1: 2243 daAuts
     D:2: 1958 daAuts
     D:3: 1432 daAuts
     D:5: 916 daAuts
